Unix NetHack Version 5.0.0-0 post-release - last build May 31 2026 23:59:36 (970b52f25bf058293b47ddfd14a1e40e571c508c,branch:main).

Game began 2026-06-04 22:43:36, ended 2026-06-05 19:47:43.

BeardyHaddock, neutral male gnomish Archeologist

                                                          .
                                                       ---.|          --
                                                       `.|.|         ..|
                                                       -.|.|        ...|
                                                       |.|.-    --.....---
                                                       |.|..   .............-
                                                       |.|..................|
                                                       |.|..-..-----   |    |
                       |           --   --     -- ---+--.|.....--
                       |.........{........{.......)....).|......|
                       |............        `  -- ---.--.|......|
                       | --+--- ----                ...|.|......-
                                                   |...|.....g@..|
                                                   |...|.#.<..f..----
                                                   |.`.|.|..--......-
                                                   -- --`|[- --......-
                                                         |.  |........|
                                                         -)  --.--.----
                                                          .   --  --

BeardyHaddock the Investigator  St:15 Dx:9 Co:14 In:16 Wi:15 Ch:8  Neutral
Dlvl:6  $:345 HP:0(42) Pw:0(25) AC:10 Xp:6 T:3656 

Latest messages:
 Welcome to experience level 6.
 You hear some noises in the distance.
 In what direction? 4
 The spell hits the floating eye!
 You kill the floating eye!
 You see here a floating eye corpse.
 There is a floating eye corpse here; eat it? [ynq] (n) y
 Blecch!  Rotten food!
 You feel a strange mental acuity.
 You start digging.
 You hit the rock with all your might.
 You make an opening in the wall.
 You hear some noises in the distance.
 You descend the stairs.
 You start digging.
 You hit the rock with all your might.
 You make an opening in the wall.
 You start digging.
 You hit the rock with all your might.
 You make an opening in the wall.
 Goruakh of Thosaiulog shoots a poisoned crude arrow!
 You are hit by a poisoned crude arrow.
 In what direction? 4
 The spell hits Goruakh of Thosaiulog!
 Goruakh of Thosaiulog throws a crude dagger!
 You are hit by a crude dagger.
 In what direction? 4
 The spell misses Goruakh of Thosaiulog.
 Goruakh of Thosaiulog throws a knife!
 You are hit by a knife.
 In what direction? 4
 The spell misses Goruakh of Thosaiulog.
 In what direction? 4
 The spell hits Goruakh of Thosaiulog!
 You kill Goruakh of Thosaiulog!
 You hit the gargoyle.
 In what direction? 4
 The spell misses the gargoyle.
 The gargoyle hits!
 The gargoyle hits again!
 The gargoyle bites!
 In what direction? 4
 The spell misses the gargoyle.
 The large cat misses the gargoyle.
 The gargoyle hits!
 The gargoyle hits again!
 The gargoyle bites!
 You die...
 Do you want your possessions identified? [ynq] (y) y
 Do you want to see your attributes? [ynq] (y) q

Inventory:
 Coins    ('$')
  $ - 345 gold pieces
 Weapons  (')')
  w - a +0 stiletto
  a - a +2 bullwhip (alternate weapon; not wielded)
  t - a +0 silver saber
 Armor    ('[')
  c - an uncursed +0 fedora (being worn)
  s - an uncursed +0 orcish helm
  e - a blessed +1 pair of elven boots
  D - an uncursed +0 dwarvish cloak
  b - an uncursed burnt +0 leather jacket (being worn)
 Comestibles  ('%')
  d - 5 uncursed food rations
 Scrolls  ('?')
  r - an uncursed scroll of confuse monster
  o - a cursed scroll of confuse monster
  j - a cursed scroll of create monster
  k - an uncursed scroll of earth
  F - an uncursed scroll of enchant armor
  m - a cursed scroll of enchant weapon
  n - a blessed scroll of remove curse
 Spellbooks  ('+')
  p - an uncursed spellbook of chain lightning
  A - an uncursed spellbook of force bolt
  q - a cursed spellbook of healing
 Potions  ('!')
  K - an uncursed potion of see invisible
  v - 2 uncursed potions of speed
 Rings    ('=')
  C - an uncursed ring of searching
 Wands    ('/')
  u - a wand of digging (0:6)
  G - a wand of light (0:11)
  I - a wand of striking (0:7)
 Tools    ('(')
  h - an empty uncursed sack
  i - a magic marker (0:20)
  l - a +0 pick-axe (weapon in right hand)
  H - an uncursed skeleton key
  f - a tinning kit (0:92)
 Gems/Stones  ('*')
  B - an uncursed worthless piece of yellowish brown glass
  g - an uncursed touchstone

BeardyHaddock the Archeologist's attributes:

Background:
 You were an Investigator, a level 6 male gnomish Archeologist.
 You were neutral, on a mission for Camaxtli
 who was opposed by Quetzalcoatl (lawful) and Huhetotl (chaotic).
 You were right-handed.
 You were in the Gnomish Mines, on level 6.
 You entered the dungeon 3656 turns ago.
 You had 346 experience points, 294 more were needed to attain level 7.

Basics:
 You had 0 out of 42 hit points.
 You had 0 out of 25 energy points (spell power).
 Your armor class was 10.
 Your wallet contained 345 zorkmids.
 Autopickup was off.

Final Characteristics:
 Your strength was 15 (limit:18/50).
 Your dexterity was 9 (limit:18).
 Your constitution was 14 (limit:18).
 Your intelligence was 16 (limit:19).
 Your wisdom was 15 (limit:18).
 Your charisma was 8 (limit:18).

Final Status:
 You weren't hungry.
 You were unencumbered.
 You were wielding a pick-axe.
 You were skilled in pick-axe.

Final Attributes:
 You were piously aligned.
 You were telepathic.
 You had automatic searching.
 You had infravision.
 You were stealthy.
 You were fast.
 You were lucky.
 You are dead.

Miscellaneous:
 You encountered 1 bones level.
 Total elapsed playing time was 32 minutes and 41 seconds.

Major events:
 Turn
    1: BeardyHaddock the neutral male gnomish Archeologist entered the dungeon
  775: attained the rank of Field Worker (level 3)
 2630: entered the Gnomish Mines
 3511: attained the rank of Investigator (level 6)
 3591: reached Mine Town
 3656: killed by a gargoyle

Spells:
 Name                 Level Category     Fail Retention
 chain lightning        2   attack        70%  76%-100%
 force bolt             1   attack         0%  76%-100%

Skills:
 Fighting Skills
   bare handed combat [Unskilled]
   two weapon combat  [Unskilled]
   riding             [Unskilled]
 Weapon Skills
   dagger             [Unskilled]
   knife              [Unskilled]
   pick-axe           [Skilled]
   short sword        [Unskilled]
   saber              [Unskilled]
   club               [Unskilled]
   quarterstaff       [Unskilled]
   sling              [Unskilled]
   dart               [Unskilled]
   boomerang          [Unskilled]
   whip               [Basic]
   unicorn horn       [Unskilled]
 Spellcasting Skills
   attack spells      [Unskilled]
   healing spells     [Unskilled]
   divination spells  [Unskilled]
   matter spells      [Unskilled]

Voluntary challenges:
 Character rerolling was not enabled.
 You never genocided any monsters.
 You never polymorphed an object.
 You never changed form.
 You used no wishes.
Achievements:
 You entered a shop.
 You attained the rank of Field Worker.
 You entered the Gnomish Mines.
 You attained the rank of Investigator.
 You entered Minetown.

 The Dungeons of Doom: levels 1 to 4
    Level 1:
    Level 2:
       A potion shop, a fountain.
       Stairs down to The Gnomish Mines.
    Level 3:
       A weapon shop, a fountain, a grave.
    Level 4:
 The Gnomish Mines: levels 3 to 6
    Level 3:
    Level 5:
    Level 6: <- You were here.
       Some fountains.
       Final resting place for
          you, killed by a gargoyle,
          michelmartinet-Wiz-Hum-Mal-Neu, killed by a gargoyle.


Vanquished creatures:
  a leprechaun
  a gnome mummy
  2 Uruk-hai
  7 fog clouds
  a yellow light
  a shrieker
  2 violet fungi
  a little dog
  2 floating eyes
  a kitten
  5 dwarves
  a hill orc
  a rothe
  3 giant bats
  a wererat
  2 iguanas
  2 acid blobs
  4 coyotes
  2 hobbits
  3 manes
  a hobgoblin
  4 giant rats
  a yellow mold
  5 gnomes
  a garter snake
  a gnome zombie
  5 geckos
  8 jackals
  3 foxes
  2 kobolds
  3 goblins
  a sewer rat
  2 grid bugs
  a bat
  2 lichens
  7 newts
90 creatures vanquished.

No species were genocided or became extinct.

Game over:
                       ----------
                      /          \
                     /    REST    \
                    /      IN      \
                   /     PEACE      \
                  /                  \
                  |  BeardyHaddock   |
                  |      345 Au      |
                  |   killed by a    |
                  |     gargoyle     |
                  |                  |
                  |                  |
                  |       2026       |
                 *|     *  *  *      | *
        _________)/\\_//(\/(/\)/\//\/|_)_______

Goodbye BeardyHaddock the Archeologist...

You died in The Gnomish Mines on dungeon level 6 with 1985 points,
and 345 pieces of gold, after 3656 moves.
You were level 6 with a maximum of 42 hit points when you died.

